Map: Romanticide LE

Players

LiquidClem (Clem)

  • Race: Terran Terran
  • League: Grandmaster

HeroMarine - Winner!

  • Race: Terran Terran
  • League: Master

Event: DreamHack SC2 Masters 2021 Summer

VOD

Have the link to the VOD?

Description

Time

  • Played on: June 4, 2021, 2:22 p.m.
  • Length: 11:50

All games in this series

Show
View Real Time Build Order
Export as new Build Order

LiquidClem Terran 

Build Orders:  

Get SALT Encoding   

  12  0:00  SCV  
  13  0:12  SCV  
  14  0:17  Supply Depot  
  14  0:24  SCV  
  15  0:38  SCV  
  15  0:40  Barracks  
  15  0:42  Refinery  
  16  0:50  SCV  
  16  0:53  Refinery  
  17  1:02  SCV  
  18  1:15  SCV  
  19  1:27  Reaper, Orbital Command  
  19  1:28  Supply Depot  
  20  1:40  Factory  
  20  1:52  SCV  
  21  1:59  Reaper  
  22  2:04  SCV  
  23  2:14  Command Center  
  23  2:17  SCV  
  24  2:24  Hellion  
  24  2:29  SCV  
  27  2:31  Barracks Reactor  
  27  2:40  Starport  
  27  2:42  SCV  
  28  2:45  Factory Tech Lab  
  28  2:54  SCV  
  29  3:06  SCV  
  29  3:08  Marine  
  29  3:09  Marine  
  31  3:14  Supply Depot  
  31  3:22  Factory Tech Lab  
  31  3:28  Refinery  
  31  3:31  SCV  
  31  3:35  Raven, Marine x2  
  31  3:37  Orbital Command  
  35  3:43  SCV  
  35  3:47  Cyclone  
  39  3:55  SCV  
  42  4:04  SCV  
  42  4:07  SCV  
  42  4:08  Command Center  
  42  4:16  SCV  
  43  4:19  SCV, Supply Depot  
  43  4:20  Raven  
  46  4:28  SCV  
  46  4:29  Siege Tank  
  50  4:32  SCV  
  50  4:36  Supply Depot  
  51  4:40  SCV  
  51  4:42  Marine x2  
  51  4:44  SCV  
  56  4:52  SCV  
  56  4:56  SCV  
  57  5:00  Marine x2  
  57  5:03  Raven, Supply Depot  
  57  5:04  SCV  
  62  5:08  SCV, Siege Tank  
  66  5:16  Refinery  
  66  5:17  SCV  
  66  5:21  SCV, Orbital Command  
  68  5:29  SCV  
  68  5:30  Barracks  
  68  5:31  Barracks  
  68  5:33  SCV  
  70  5:41  SCV, Siege Tank  
  74  5:45  Orbital Command  
  74  5:46  Engineering Bay x2  
  74  5:47  SCV  
  75  5:52  Marine  
  75  5:53  SCV  
  77  5:57  Viking x2  
  77  6:00  SCV  
  82  6:04  Supply Depot  
  82  6:05  SCV  
  82  6:10  Marine  
  82  6:11  SCV  
  85  6:12  SCV  
  85  6:15  Siege Tank  
  85  6:17  Barracks Reactor, SCV  
  90  6:18  Barracks Reactor  
  90  6:23  SCV, Supply Depot  
  91  6:27  Supply Depot  
  91  6:28  SCV  
  91  6:29  SCV  
  91  6:31  Marine  
  93  6:34  Terran Infantry Armor Level 1, Terran Infantry Weapons Level 1  
  93  6:37  SCV  
  94  6:40  SCV  
  94  6:42  SCV  
  94  6:43  Supply Depot  
  94  6:44  Viking  
  94  6:46  Viking  
  100  6:50  Marine, Supply Depot  
  100  6:51  SCV  
  102  6:55  Refinery x2, SCV  
  102  6:56  SCV  
  102  6:57  Marine  
  105  7:01  Marine x2  
  105  7:03  Marine  
  105  7:04  Siege Tank  
  105  7:06  SCV  
  105  7:07  SCV  
  113  7:10  Supply Depot  
  113  7:11  SCV  
  113  7:12  Marine  
  113  7:14  Marine  
  115  7:18  SCV  
  115  7:19  SCV, Marine x2  
  115  7:21  Viking x2  
  119  7:23  SCV  
  119  7:25  Marine  
  120  7:30  SCV  
  120  7:31  SCV  
  120  7:32  Supply Depot  
  120  7:33  Marine x2  
  120  7:35  SCV, Sensor Tower  
  124  7:37  Marine  
  124  7:41  Siege Tank  
  124  7:44  SCV  
  127  7:46  SCV  
  127  7:47  SCV, Marine  
  116  7:52  Barracks Tech Lab  
  116  7:53  Marine  
  116  7:56  SCV  
  116  7:57  Marine x2  
  116  7:58  SCV  
  116  7:59  SCV  
  116  8:05  Marine  
  114  8:07  Medivac  
  114  8:08  SCV  
  114  8:10  SCV, Marine  
  114  8:11  SCV  
  118  8:13  Marine  
  118  8:15  Marine  
  118  8:18  Marine  
  120  8:20  SCV, Stimpack  
  120  8:21  Siege Tank  
  120  8:22  SCV, Viking  
  120  8:23  SCV  
  128  8:29  Command Center  
  128  8:32  SCV  
  129  8:34  SCV  
  129  8:35  SCV  
  129  8:37  Marine x2  
  129  8:38  Marine  
  134  8:43  Viking  
  134  8:44  SCV  
  134  8:46  SCV  
  134  8:47  SCV  
  138  8:50  Marine  
  133  8:55  Command Center  
  133  8:58  SCV, Marine  
  133  8:59  Marine  
  133  9:02  Marine x2  
  123  9:03  Viking, Siege Tank  
  123  9:04  SCV  
  123  9:08  Marine  
  123  9:09  SCV  
  130  9:11  SCV  
  130  9:17  Viking, Supply Depot  
  133  9:18  Sensor Tower, Supply Depot  
  133  9:21  Armory  
  133  9:29  Marine x2  
  133  9:30  SCV  
  136  9:33  Marine x2  
  136  9:34  SCV  
  136  9:35  SCV  
  140  9:38  Siege Tank  
  140  9:39  Viking  
  140  9:42  SCV  
  140  9:44  Marine  
  147  9:46  SCV, Supply Depot  
  147  9:47  SCV  
  147  9:49  Missile Turret  
  147  9:50  Marine  
  150  9:53  Marine x2  
  150  9:54  SCV  
  150  9:57  Marine, Viking  
  150  9:58  SCV  
  156  10:06  Marine  
  125  10:09  Marine  
  125  10:10  Marine  
  125  10:11  Siege Tank  
  125  10:12  Marine, Viking  
  121  10:15  Marine  
  121  10:17  SCV x2  
  121  10:21  SCV  
  125  10:24  Marine  
  126  10:29  Marine x2  
  126  10:31  Viking  
  130  10:42  Viking  
  131  10:47  Marine  
  131  10:49  Marine  
  131  10:50  Marine  
  131  10:53  SCV x2  
  131  10:54  Marine  
  131  10:56  SCV  
  136  10:58  Siege Tank  
  136  11:01  Viking  
  136  11:03  Factory  
  140  11:05  Marine  
  140  11:06  SCV  
  140  11:07  Marine  
  140  11:09  Marine  
  144  11:12  Barracks Reactor, Marine  
  144  11:16  Viking  
  144  11:22  Marine  
  144  11:25  Marine  
  146  11:27  Marine  
  146  11:30  Marine  
  151  11:33  SCV  
  141  11:41  Refinery  
  141  11:44  Refinery, Sensor Tower  
Show
View Real Time Build Order
Export as new Build Order

HeroMarine Terran - Winner!

Build Orders: Reaper Expand 

Get SALT Encoding   

  12  0:00  SCV  
  13  0:12  SCV  
  14  0:17  Supply Depot  
  14  0:24  SCV  
  15  0:39  SCV  
  15  0:40  Barracks  
  16  0:44  Refinery  
  16  0:51  SCV  
  17  1:03  SCV  
  18  1:15  SCV  
  19  1:27  Reaper, Orbital Command  
  20  1:40  Command Center  
  20  1:52  Supply Depot  
  20  1:53  SCV  
  21  1:59  Marine  
  22  2:05  SCV  
  23  2:09  Factory  
  23  2:17  SCV  
  23  2:18  Refinery, Marine  
  25  2:27  Bunker  
  25  2:29  SCV  
  26  2:36  Marine  
  27  2:41  SCV  
  28  2:52  Orbital Command  
  28  2:53  SCV  
  28  2:54  Hellion  
  28  2:55  Barracks Reactor  
  31  3:05  SCV  
  31  3:07  Starport  
  32  3:18  SCV, Factory Tech Lab  
  33  3:20  SCV  
  34  3:30  SCV  
  34  3:31  Marine x2  
  34  3:32  SCV  
  38  3:38  Cyclone  
  40  3:42  SCV, Supply Depot  
  40  3:45  SCV, Starport Tech Lab  
  42  3:49  Marine x2  
  42  3:54  SCV  
  45  3:57  SCV  
  45  4:01  Supply Depot  
  46  4:04  Raven  
  46  4:06  SCV  
  46  4:09  SCV  
  50  4:14  Command Center  
  50  4:16  Marine x2  
  52  4:20  SCV  
  52  4:21  SCV  
  52  4:23  Siege Tank  
  57  4:27  Supply Depot  
  57  4:32  SCV  
  57  4:33  SCV  
  61  4:44  SCV  
  61  4:45  SCV  
  61  4:49  Barracks  
  61  4:50  Barracks  
  61  4:52  Starport Reactor, Stimpack  
  61  4:54  Refinery  
  61  4:56  Refinery, SCV  
  61  4:57  SCV  
  60  5:00  Marine  
  61  5:08  SCV  
  61  5:09  SCV  
  61  5:10  Engineering Bay  
  61  5:13  Engineering Bay  
  63  5:16  Supply Depot  
  63  5:18  Siege Tank  
  63  5:19  Marine  
  63  5:20  SCV  
  68  5:21  SCV  
  68  5:26  Orbital Command  
  69  5:33  SCV x2  
  69  5:35  Starport Reactor  
  71  5:37  Marine  
  71  5:39  Terran Infantry Weapons Level 1  
  71  5:41  Marine x2  
  74  5:45  Terran Infantry Armor Level 1  
  74  5:47  Supply Depot  
  74  5:48  Marine x2  
  78  5:53  Siege Tank  
  78  5:55  Marine  
  80  5:59  Marine  
  80  6:00  Orbital Command  
  80  6:02  Marine, Supply Depot  
  80  6:04  Barracks  
  82  6:05  SCV x2, Barracks  
  82  6:06  Marine  
  85  6:14  Marine x2  
  85  6:17  SCV x2  
  85  6:18  Medivac x2  
  93  6:26  SCV  
  93  6:29  SCV  
  93  6:30  SCV  
  93  6:31  Combat Shield  
  93  6:32  Marine x3  
  97  6:33  Supply Depot  
  97  6:34  Marine x2  
  97  6:38  SCV  
  102  6:40  Supply Depot  
  102  6:41  SCV  
  102  6:42  SCV  
  102  6:43  Siege Tank  
  107  6:50  Medivac  
  107  6:53  Barracks Reactor  
  109  6:55  SCV, Medivac  
  109  6:56  SCV x2  
  109  6:59  Supply Depot  
  109  7:00  Marine x3, Supply Depot  
  115  7:04  Marine  
  115  7:07  SCV  
  118  7:08  SCV  
  118  7:09  Barracks Reactor, SCV  
  118  7:10  Marine  
  120  7:18  Marine  
  120  7:19  SCV, Marine  
  120  7:20  SCV, Marine  
  120  7:21  SCV, Marine  
  124  7:23  Medivac, Siege Tank  
  124  7:28  Marine  
  130  7:31  SCV  
  130  7:33  Refinery x2, SCV  
  130  7:35  Armory, Marine  
  130  7:36  Marine  
  133  7:38  Marine x3  
  133  7:39  Marine, Medivac  
  140  7:45  Marine  
  141  7:51  Marine  
  141  7:52  Marine  
  141  7:53  Marine  
  141  7:59  Marine x3  
  141  8:01  Marine x2  
  141  8:03  SCV x2, Marine  
  134  8:07  Siege Tank  
  134  8:09  Marine, Medivac x2  
  134  8:10  Marine  
  134  8:11  Marine  
  138  8:17  Marine x3, Command Center  
  138  8:19  Marine x2  
  134  8:24  Marine  
  133  8:27  Marine x2  
  133  8:29  Marine  
  133  8:30  Supply Depot  
  133  8:31  Terran Infantry Armor Level 2, Terran Infantry Weapons Level 2  
  136  8:35  Marine x3, Supply Depot  
  136  8:37  Marine x2  
  136  8:38  Supply Depot  
  141  8:46  Marine x2  
  141  8:52  Marine, Medivac, Siege Tank  
  141  8:53  Medivac  
  149  8:55  SCV  
  149  8:56  Supply Depot  
  149  8:57  Marine x2, Supply Depot  
  149  8:58  Marine x2  
  142  9:04  Marine x2  
  142  9:05  Marine x2  
  145  9:13  Factory  
  145  9:15  Marine x2  
  145  9:16  Marine x2  
  149  9:22  Barracks, Marine x2, Medivac  
  149  9:23  Barracks Reactor, SCV x2, Barracks, Medivac  
  157  9:25  Siege Tank  
  160  9:36  SCV x2  
  160  9:37  Marine x2, Terran Vehicle Weapons Level 1  
  160  9:38  Marine  
  165  9:40  Marine  
  165  9:43  Refinery, SCV  
  165  9:44  Marine  
  165  9:45  Marine  
  169  9:47  Sensor Tower, Marine x2  
  169  9:48  Refinery, SCV x2  
  173  9:53  Sensor Tower  
  173  9:55  Medivac  
  173  9:57  Siege Tank  
  176  10:01  Medivac  
  157  10:07  Marine x2  
  157  10:10  Marine  
  157  10:11  Marine x4  
  157  10:12  Barracks Reactor x2  
  157  10:13  Marine  
  157  10:14  Marine  
  148  10:15  Marine  
  146  10:22  Planetary Fortress  
  146  10:25  Marine x2, Medivac  
  150  10:28  Marine x2  
  150  10:29  Marine x3  
  150  10:31  Marine  
  150  10:32  Marine  
  150  10:33  Marine, Siege Tank  
  161  10:37  Siege Tank  
  164  10:43  Marine x2  
  164  10:46  Marine x2  
  164  10:47  Marine x3  
  166  10:51  Marine x3  
  166  10:53  Marine  
  166  10:54  Marine  
  166  10:55  Marine  
  166  10:56  Marine  
  173  11:00  Marine  
  174  11:05  Siege Tank  
  177  11:12  Marine x2  
  177  11:14  Marine x3  
  177  11:16  Siege Tank  
  177  11:18  Marine x2  
  182  11:19  Marine  
  182  11:20  Marine x2  
  182  11:21  Marine x3  
  182  11:24  Marine  
  189  11:30  Marine x2  
Tags
 
Add a new tag
Caveats
  • Supply blocks, unpowered buildings, or Contaminate may cause inaccurate times.
  • Supply counts are checked every 10 seconds.